 Dungeon Crawl Stone Soup version 0.28-a0-1130-gc51a68064b (webtiles) character file.

Game seed: 12126503536522758641

68 flotson the Ruffian (level 3, 0/28 HPs)
             Began as a Demigod Transmuter on Dec 12, 2021.
             Slain by a gnoll (3 damage)
             ... on level 1 of the Dungeon.
             The game lasted 00:03:22 (2194 turns).

flotson the Ruffian (Demigod Transmuter)            Turns: 2194, Time: 00:03:23

Health: 0/28       AC:  3    Str: 15    XL:     3   Next: 73%
Magic:  8/8        EV: 11    Int: 15    God:
Gold:   77         SH:  3    Dex: 14    Spells: 2/6 levels left

rFire   . . .      SeeInvis .     - Unarmed
rCold   . . .      Faith    .   f - +0 buckler
rNeg    . . .      Spirit   .   a - +0 robe
rPois   .          Reflect  .   (helmet currently unavailable)
rElec   .          Harm     .   b - +0 cloak
rCorr   .          Rampage  .   (no gloves)
Will    .....                   (boots currently unavailable)
Stlth   ++........              g - amulet of regeneration
HPRegen 0.89/turn               (no ring)
MPRegen 0.11/turn               (no ring)

@: appendages (expiring)
A: horns 2, talons 2, high mp 1, forlorn, divine attributes
a: End Transformation


You were on level 1 of the Dungeon.
You had temporarily grown beastly horns and talons.
You visited 1 branch of the dungeon, and saw 2 of its levels.

You collected 77 gold pieces.

Inventory:

Armour
 a - a +0 robe (worn)
 b - a +0 cloak (worn)
 f - a +0 buckler (worn)
 k - a +2 hat (melded)
Jewellery
 g - an amulet of regeneration (around neck)
Scrolls
 d - 2 scrolls of teleportation {unknown}
 e - 2 scrolls of identify {unknown}
 h - a scroll of summoning {unknown}
 i - a scroll of acquirement {unknown}
 j - a scroll of vulnerability {unknown}
Potions
 c - a potion of magic {unknown}


   Skills:
 + Level 1.4 Fighting
 + Level 1.0 Armour
 + Level 2.2 Dodging
 - Level 0.6 Stealth
 * Level 0.4 Shields
 + Level 2.9 Unarmed Combat
 + Level 2.0 Spellcasting
 + Level 2.3 Transmutations
 + Level 0.3 Poison Magic


You had 2 spell levels left.
You knew the following spells:

 Your Spells              Type           Power      Damage    Failure   Level
a - Beastly Appendage     Tmut           16%        N/A       14%         1
b - Spider Form           Tmut/Pois      5%         N/A       52%         3

Your spell library contained the following spells:

 Spells                   Type           Power      Damage    Failure   Level
 Wereblood                Tmut           8%         N/A       21%         2
 Ice Form                 Ice/Tmut       4%         N/A       91%         4


Dungeon Overview and Level Annotations

Branches:
Dungeon (2/15)


Innate Abilities, Weirdness & Mutations

You have temporarily grown beastly horns and talons.
You have an increased reservoir of magic. (+10% MP)
You shall have no god before yourself.
Your divine heritage dramatically boosts your attributes as you level up.


Message History

You finish putting on your +2 hat.
Found a stone staircase leading down.
A gnoll comes into view. It is wielding a +0 whip.
The gnoll shouts!
Casting: Beastly Appendage (safe; 14% risk of failure)
Confirm with . or Enter, or press ? or * to list all spells.
You grow a pair of large bovine horns.
Your feet morph into talons.
Your +2 hat melds into your body. 2 gnolls come into view.
The gnoll shouts! x2
You closely miss the gnoll. Your kick misses the gnoll.
The gnoll hits you with a +0 whip.
You hit the gnoll. Your kick misses the gnoll. You headbutt the gnoll.
The gnoll is severely wounded.
A gnoll comes into view. It is wielding a +0 club.
The gnoll hits you with a +0 whip.
The gnoll shouts!
You hit the gnoll. You claw the gnoll.
You kill the gnoll!
You block the gnoll's attack.
Your Armour skill increases to level 1!
The gnoll hits you from afar with a +0 spear!
The gnoll barely misses you.
There is a stone staircase leading up here.
Things that are here:
a +0 whip; a gnoll corpse You hit the gnoll but do no damage.
The gnoll misses you. x2
You closely miss the gnoll. The gnoll barely misses you.
The gnoll hits you with a +0 spear.
You are too injured to fight recklessly!
You are too injured to fight recklessly!
The gnoll hits you from afar with a +0 spear!
* * * LOW HITPOINT WARNING * * *
The gnoll hits you with a +0 spear.
* * * LOW HITPOINT WARNING * * *
You climb upwards.
Your transformation is almost over.
There is a stone staircase leading down here.
The gnoll hits you from afar with a +0 spear.
You die...

.##.#
#.........................
.##.#
#.....#...................
.##.#
#.....#...................
....#
#.....#........>.....#####
.####
#..................).# .#
#.....#..............# ##
#.....#.g............# #
#.......>............# #
#########@...........#
####### ###............#
......# #..............#
......# #..............#
......# #......#########
......# #......# ......#
#......# ......# #......#
......# #......#


You could see a gnoll.

Vanquished Creatures
  A gnoll (D:2)
  An adder (D:2)
  2 dart slugs
  8 ball pythons
  3 endoplasms
  3 goblins (D:1)
  2 hobgoblins
  6 jackals (D:1)
  A quokka (D:1)
  4 bats
  4 frilled lizards
  6 kobolds
  4 rats
45 creatures vanquished.

Notes
Turn   | Place    | Note
-------+----------+-------------------------------------------
     0 | D:1      | flotson the Demigod Transmuter began the quest for the Orb.
     0 | D:1      | Reached XP level 1. HP: 15/15 MP: 5/5
    82 | D:1      | Reached skill level 1 in Fighting
   337 | D:1      | Reached XP level 2. HP: 20/23 MP: 7/7
  1005 | D:1      | Reached XP level 3. HP: 21/28 MP: 6/8
  1010 | D:1      | Learned a level 3 spell: Spider Form
  2189 | D:2      | Reached skill level 1 in Armour
  2192 | D:2      | HP: 1/28 [gnoll (3)]
  2194 | D:1      | Slain by a gnoll

Illustrated notes

Levels and vault maps discovered:
D:1:      wheals_arrival_shading, layout_basic, chequers_serial_rivers_micro_a
D:2:      layout_rooms, nicolae_ecumenical_snake_handling, serial_corexii_hall,
          corexii_hall_statues_s, corexii_hall_statues_x,
          corexii_hall_statues_s, corexii_hall_statues_s,
          chequers_hall_statues_y, chequers_hall_statues_wall_a, basic_altar,
          grunt_ministairs_3, chequers_serial_rivers_marsh,
          kennysheep_another_room, minmay_misc_feat_tower

Skill      XL: |  1  2  3 |
---------------+----------+-----
Fighting       | 1 |  1.4
Transmutations | 2 |  2.3
Dodging        | 2 |  2.2
Spellcasting   | 2 |  2.0
Armour         | 1 |  1.0
Stealth        | |  0.6
Shields        | |  0.4
Unarmed Combat | |  2.9
Poison Magic   | |  0.3

Action                   || total
-------------------------++-------
Melee: Unarmed           ||   134
       Kick              ||    11
       Headbutt          ||     9
       Punch             ||     1
 Cast: Beastly Appendage ||    13
 Stab: Sleeping          ||     2
Armor: Robe              ||    34
Dodge: Dodged            ||    88
Block: Buckler           ||    10

Table legend: (Time is in decaauts)
 A = Elapsed time spent in this place.
 B = Non-inter-level travel time spent in this place.
 C = Inter-level travel time spent in this place.
 D = Time resting spent in this place.
 E = Time spent auto-exploring this place.
 F = Levels seen in this place.
 G = Mean time per level.
                   A        B        C        D        E       F      G
               +--------+--------+--------+--------+--------+-----+--------+
         Total |   2195 |   2152 |     43 |      3 |   1783 |   2 | 1097.5 |
       Dungeon |   2195 |   2152 |     43 |      3 |   1783 |   2 | 1097.5 |
               +--------+--------+--------+--------+--------+-----+--------+

Top non-repeatable levels by time:
     D:1: 1602 daAuts
     D:2: 593 daAuts
